 Dungeon Crawl Stone Soup version 0.31.0-32-g396128a36d (webtiles) character file.

Game seed: 6451937632196172684

108189 mfyou the Impaler (level 17, -4/142 HPs)
             Began as a Formicid Fighter on Mar 27, 2024.
             Was an Initiate of Gozag.
             Slain by a kraken (34 damage)
             ... on level 1 of the Swamp on Mar 28, 2024.
             The game lasted 00:48:05 (23452 turns).

mfyou the Impaler (Formicid Fighter)               Turns: 23452, Time: 00:48:05

Health: -4/142     AC: 25    Str: 34    XL:     17   Next: 3%
Magic:  17/17      EV: 13    Int:  9    God:    Gozag
Gold:   2864       SH:  7    Dex: 13    Spells: 16/16 levels left

rFire   + + .        c - +4 glaive of the Lair of Beasts {flame, ^Fragile +Blink rC++ Will+ Dex-2}
rCold   + + .        Q - +0 buckler {AC+3}
rNeg    . . .        T - +2 plate armour {rF+}
rPois   +            (helmet unavailable)
rElec   +            W - +2 cloak {rF+}
rCorr   +            (no gloves)
SInv    +            (no boots)
Will    ++...        E - amulet "Oso Made" {RegenMP rPois rCorr Dex+2} Stlth
                     o - +6 ring of strength
HPRegen 0.43/turn    G - ring of Sedutaz {rElec EV+5 SInv}
MPRegen 0.55/turn

%: no passive effects
@: gold aura
A: permanent stasis, dig shafts and tunnels, antennae 3, four strong arms
a: Dig, Shaft Self, Renounce Religion, Potion Petition, Call Merchant, Bribe
Branch


You were on level 1 of the Swamp.
You worshipped Gozag.
Gozag was most pleased with you.
You visited 5 branches of the dungeon, and saw 24 of its levels.
You also visited: Ice Cave and Volcano.

You collected 9367 gold pieces.
You spent 2189 gold pieces at shops.
You paid 4314 gold pieces to Gozag.

Inventory:

Hand Weapons
 c - the +4 glaive of the Lair of Beasts (weapon) {flame, ^Fragile +Blink rC++ Will+ Dex-2}
   (You bought it in a shop on level 14 of the Dungeon)

   Dex-2:     It affects your dexterity (-2).
   rC++:      It greatly protects you from cold.
   Will+:     It increases your willpower.
   +Blink:    It lets you blink.
   ^Fragile:  It will be destroyed if unequipped.
 s - a +3 trident of electrocution
 K - a +0 war axe of flaming
Missiles
 n - 2 throwing nets
Armour
 H - a +2 kite shield of protection
 Q - a +0 buckler of protection (worn)
 T - a +2 plate armour of fire resistance (worn)
 W - a +2 cloak of fire resistance (worn)
Jewellery
 j - the amulet of Sugor {Reflect rF+ rC++ Regen+ SH+5}
   (You acquired it on level 4 of the Dungeon)

   [amulet of reflection]

   Reflect:   It reflects blocked missile attacks.
   rF+:       It protects you from fire.
   rC++:      It greatly protects you from cold.
   Regen+:    It increases your rate of health regeneration.
   SH+5:      It affects your SH (+5).
 o - a +6 ring of strength (left hand)
 t - a ring of protection from cold
 E - the amulet "Oso Made" (around neck) {RegenMP rPois rCorr Dex+2}
   (You took it off a gnoll bouda on level 7 of the Dungeon)

   [amulet of magic regeneration]

   RegenMP:   It increases your rate of magic regeneration.
   Dex+2:     It affects your dexterity (+2).
   rPois:     It protects you from poison rCorr: It protects you from acid and
   corrosion.
 G - the ring of Sedutaz (right hand) {rElec EV+5 SInv}
   (You took it off a kobold demonologist on level 7 of the Dungeon)

   [ring of evasion]

   EV+5:      It affects your evasion (+5).
   rElec:     It insulates you from electricity.
   SInv:      It lets you see invisible.
Wands
 a - a wand of mindburst (33)
 m - a wand of acid (2)
 v - a wand of paralysis (18)
 w - a wand of polymorph (5)
 C - a wand of flame (17)
 I - a wand of digging (3)
 O - a wand of iceblast (16)
Scrolls
 b - 3 scrolls of fog
 i - 2 scrolls of enchant weapon {unknown}
 k - 3 scrolls of poison
 l - a scroll of fear
 r - 2 scrolls of revelation
 x - 3 scrolls of immolation
 y - 2 scrolls of vulnerability
 z - 3 scrolls of amnesia
 A - a scroll of enchant armour
 M - 2 scrolls of torment
 N - a scroll of silence {unknown}
 S - a scroll of identify
 X - a scroll of acquirement
Potions
 d - 4 potions of might
 e - 7 potions of lignification
 f - 2 potions of cancellation
 g - 6 potions of curing
 h - 5 potions of heal wounds
 p - 4 potions of enlightenment
 q - 5 potions of attraction
 u - a potion of degeneration {unknown}
 B - a potion of mutation {unknown}
 D - 3 potions of ambrosia
 J - a potion of berserk rage {unknown}
 L - a potion of magic {unknown}
 R - a potion of brilliance
 U - 4 potions of resistance
 V - a potion of invisibility {unknown}
Miscellaneous
 F - a phantom mirror
 P - a sack of spiders


   Skills:
 + Level 15.2 Fighting
 * Level 19.2 Polearms
 * Level 15.6 Armour
 - Level 13.9 Shields


You had 16 spell levels left.
You didn't know any spells.
Your spell library contained the following spells:

 Spells                   Type           Power      Damage    Failure   Level
 Freeze                   Ice            0%         1d3       88%         1
 Magic Dart               Conj           0%         1d3       88%         1
 Necrotise                Necr           0%         1d4       88%         1
 Sandblast                Erth           0%         2d4       88%         1
 Sting                    Conj/Alch      0%         1d3       88%         1
 Call Imp                 Summ           0%         N/A       96%         2
 Ensorcelled Hibernation  Hex/Ice        0%         N/A       96%         2
 Mercury Vapours          Alch/Air       0%         N/A       96%         2
 Static Discharge         Conj/Air       0%         3-3/arc   96%         2
 Dazzling Flash           Conj/Hex       0%         N/A       99%         3
 Fugue of the Fallen      Necr           0%         N/A       99%         3
 Gell's Gravitas          Tloc           0%         N/A       99%         3
 Hailstorm                Conj/Ice       0%         3d5       99%         3
 Mephitic Cloud           Conj/Alch/Air  0%         N/A       99%         3
 Ozocubu's Armour         Ice            0%         N/A       99%         3
 Passwall                 Erth           0%         N/A       99%         3
 Stone Arrow              Conj/Erth      0%         3d7       99%         3
 Summon Ice Beast         Ice/Summ       0%         N/A       99%         3
 Teleport Other           Tloc           0%         N/A       99%         3
 Vampiric Draining        Necr           0%         2d6       99%         3
 Anguish                  Hex/Necr       0%         N/A       100%        4
 Animate Armour           Summ/Erth      0%         N/A       100%        4
 Brom's Barrelling Bould  Conj/Erth      0%         2d3       100%        4
 Martyr's Knell           Necr/Summ      0%         N/A       100%        4
 Olgreb's Toxic Radiance  Alch           0%         N/A       100%        4
 Arcjolt                  Conj/Air       0%         1d10      100%        5
 Curse of Agony           Necr           0%         N/A       100%        5
 Fireball                 Conj/Fire      0%         3d3       100%        5
 Silence                  Hex/Air        0%         N/A       100%        5
 Dispersal                Tloc           0%         N/A       100%        6
 Sculpt Simulacrum        Ice/Alch       0%         N/A       100%        6
 Starburst                Conj/Fire      0%         6d3       100%        6
 Lehudib's Crystal Spear  Conj/Erth      0%         10d2      100%        8
 Blink                    Tloc           Unusable   N/A       N/A         2

Dungeon Overview and Level Annotations

Branches:
Dungeon (15/15) Temple (1/1) D:7 Lair (5/5) D:10 Swamp (1/4) Lair:3 Spider (0/4) Lair:3 Slime (0/5) Lair:5 Orc (2/2) D:9 Elf (0/3) Orc:2 Vaults (0/5) D:13 D:14 IceCv (visited) Volcano (visited) Depths: D:15

Altars:
Ashenzari
Cheibriados
Elyvilon
Fedhas
Gozag
Hepliaklqana
Kikubaaqudgha
Makhleb
Nemelex Xobeh
Okawaru
Qazlal
Ru
Sif Muna
Trog
Uskayaw
Vehumet
Wu Jian
Xom
Yredelemnul
Zin
The Shining One

Shops:
D:1 *   D:9 ::==(   D:10 *   D:12 *   D:14 **   D:15 **   Orc:2 =*[(*[[(

Annotations:
Lair:1 exclusion: oklob plant
Lair:3 3 runed translucent doors, Doomgape's ghost, journeyman GrFi


Innate Abilities, Weirdness & Mutations

You cannot be hasted, slowed, berserked, paralysed or teleported.
You can dig through walls and to a lower floor.
You have a pair of large antennae on your head. (SInv)
Your four strong arms can wield two-handed weapons with a shield.


Message History

The tentacle slaps you but does no damage.
The tentacle misses you. 3 tentacle segments come into view.
You see here 7 gold pieces.
You slice the tentacle segment!! You burn the tentacle segment.
The tentacle segment is severely wounded.
The tentacle completely misses you.
The tentacle slaps you but does no damage.
You block the tentacle's attack.
The tentacle slaps you! 3 tentacle segments come into view.
You slice the tentacle segment!! You burn the tentacle segment.
You kill the tentacle segment!
The tentacle misses you. You block the tentacle's attack.
The tentacle slaps you!
* * * LOW HITPOINT WARNING * * *
A tentacle segment comes into view.
The tentacle slaps you but does no damage.
The kraken bites you!
* * * LOW HITPOINT WARNING * * *
The tentacle slaps you but does no damage.
The tentacle slaps you!
* * * LOW HITPOINT WARNING * * *
3 tentacle segments come into view. [a] - 320 gold - heal wounds, curing and magic [b] - 348 gold - brilliance and magic [c] - 567 gold - invisibility, might, resistance and enlightenment Purchase which effect?
You no longer have enough gold to bribe branches to halt enemies' attacks and recruit allies.
You feel much better.
You feel better. Magic courses through your body.
You block the kraken's attack.
The tentacle slaps you but does no damage.
The tentacle slaps you!
You block the kraken's attack. 3 tentacle segments come into view.
You slash the kraken! You burn the kraken.
The kraken is lightly wounded.
The tentacle slaps you!
* * * LOW HITPOINT WARNING * * *
The tentacle barely misses you. The kraken bites you!!
You die...
Your body crumbles into a pile of gold.

...♣ ..♣≈♣♣♣ ..♣
..≈≈≈≈≈♣ .÷♣ .
≈≈≈≈≈≈ ..♣ ♣
./♣≈≈≈≈{{..♣ ♣.♣♣
..≈≈♣≈≈{♣.?♣♣...♣
♣..♣≈≈X♣│.~.~~~..
......│@│.~...~.~
~.......ww§.~..~..
..~..~~♣♣♣♣.$=~~....
......~♣♣♣♣.~....♣~.
~..~~.§..~♣~~§....~~
♣....§..~...~..~..~~
.♣..~......~.....~..
....~...~..~~....~~~
..~~...~...§.......~


You could see a kraken and 2 tentacles.

Vanquished Creatures
  Aizul (Swamp:1)
  Kirke (D:14)
  An orc warlord (Orc:2)
  An eleionoma (Swamp:1)
  A bunyip (Swamp:1)
  A fire dragon (Lair:5)
  An entropy weaver (shapeshifter) (D:13)
  A rakshasa (D:14)
  An ice dragon (Lair:5)
  A shambling mangrove (Swamp:1)
  7 hydras
  An ogre mage (D:14)
  2 catoblepae
  4 centaur warriors
  9 two-headed ogres
  4 boulder beetles
  3 tengu warriors
  Urug (D:13)
  3 orc high priests
  A fire crab (Volcano)
  3 skeletal warriors
  A skyshark (Lair:2)
  2 goliath frogs (Swamp:1)
  A swamp dragon (Lair:5)
  3 bog bodies
  6 orc knights
  A lindwurm (Lair:5)
  Pikel (D:5)
  5 deep elf pyromancers
  11 ugly things
  4 orc sorcerers (Orc:2)
  4 manticores
  6 elephants
  5 cyclopes
  6 black mambas
  A salamander (Volcano)
  An ice statue (IceCv)
  5 torpor snails (Lair:5)
  An unseen horror (D:7)
  Jeremiah (D:8)
  4 gargoyles
  Maggie (Lair:1)
  17 cane toads
  6 kobold demonologists
  3 rime drakes
  A yaktaur (D:15)
  2 tengu conjurers
  A freezing wraith (D:14)
  17 komodo dragons
  An efreet (D:13)
  3 ice devils
  13 trolls
  2 polar bears
  9 hornets
  5 tyrant leeches
  Grinder (D:4)
  11 blink frogs
  10 dream sheep
  A jumping spider (Lair:3)
  A centaur simulacrum (D:14)
  3 vampires
  2 dire elephant simulacra (IceCv)
  15 humans (D:13)
  4 wraiths
  43 yaks
  3 hogs (D:14)
  12 basilisks
  3 wyverns
  3 steam dragons
  5 fire bats
  4 vampire mosquitoes
  A death yak simulacrum (IceCv)
  6 redbacks (Lair:3)
  3 wargs
  2 harpy simulacra (IceCv)
  An acid dragon (D:12)
  3 swamp worms
  A hydra simulacrum (IceCv)
  14 water moccasins
  4 swamp drakes
  4 sky beasts
  33 orc warriors
  2 ice beasts
  3 black bears
  8 centaurs
  5 ogres
  2 laughing skulls (D:13)
  9 wolves
  A lemure (D:5)
  19 bullfrogs
  2 kobold brigands
  3 two-headed ogre simulacra (IceCv)
  4 cane toad simulacra (IceCv)
  2 gnoll sergeants
  4 scorpions
  5 wights
  2 killer bees
  4 electric eels
  An elephant simulacrum (IceCv)
  5 howler monkeys
  A crimson imp (D:9)
  2 bombardier beetles
  22 orc priests
  3 hounds
  19 jellies
  3 sleepcaps
  Jessica (D:2)
  A gnoll bouda (D:7)
  7 iguanas
  31 orc wizards
  2 polar bear simulacra (IceCv)
  6 spriggan simulacra (IceCv)
  4 troll simulacra (IceCv)
  2 wolf simulacra (IceCv)
  Robin (D:2)
  4 gnolls (D:7)
  10 adders
  5 naga simulacra (IceCv)
  A shadow imp (D:5)
  8 white imps
  8 ufetubi (IceCv)
  A dart slug (D:2)
  111 orcs
  6 bats
  5 endoplasms
  5 giant cockroaches
  13 goblins
  6 hobgoblins
  4 jackals (D:5)
  16 kobolds
  9 ball pythons
  8 frilled lizards
  11 rats
808 creatures vanquished.

Vanquished Creatures (others)
  2 humans (D:14)
  A tentacle (Swamp:1)
3 creatures vanquished.

Grand Total: 811 creatures vanquished

Notes
Turn   | Place    | Note
-------+----------+-------------------------------------------
     0 | D:1      | mfyou the Formicid Fighter began the quest for the Orb.
     0 | D:1      | Reached XP level 1. HP: 18/18 MP: 1/1
     8 | D:1      | Found a faded altar of an unknown god.
   120 | D:1      | Reached XP level 2. HP: 24/24 MP: 2/2
   295 | D:1      | Found Qutwus's General Store.
   467 | D:2      | Noticed Robin
   487 | D:1      | Reached XP level 3. HP: 19/30 MP: 3/3
   554 | D:1      | Reached skill level 3 in Polearms
   690 | D:2      | Killed Robin
   744 | D:2      | Reached XP level 4. HP: 37/37 MP: 4/4
   757 | D:2      | Identified the +10 hand axe "Egaxah" {drain, Int+4 Dex+2}
   842 | D:2      | Noticed Jessica
   853 | D:2      | Killed Jessica
   854 | D:2      | Reached skill level 4 in Polearms
  1140 | D:2      | Reached XP level 5. HP: 41/42 MP: 5/5
  1544 | D:3      | Identified the +8 war axe of Accord {pain, Will+ Str-4
                  | Stlth+}
  2291 | D:4      | Reached skill level 5 in Polearms
  2291 | D:4      | Reached XP level 6. HP: 49/49 MP: 6/6
  2395 | D:4      | Noticed Grinder
  2403 | D:4      | Killed Grinder
  2404 | D:4      | Reached skill level 6 in Polearms
  2404 | D:4      | Reached XP level 7. HP: 26/55 MP: 7/7
  2566 | D:4      | Reached skill level 7 in Polearms
  2801 | D:4      | Reached XP level 8. HP: 61/61 MP: 8/8
  2809 | D:4      | Reached skill level 8 in Polearms
  2915 | D:4      | Identified a scroll of acquirement
  2999 | D:4      | Acquired the amulet of Sugor {Reflect rF+ rC++ Regen+ SH+5}
  3032 | D:5      | Entered Level 5 of the Dungeon
  3048 | D:5      | Reached skill level 5 in Fighting
  3244 | D:5      | Reached skill level 9 in Polearms
  3447 | D:5      | Noticed Pikel
  3456 | D:5      | Killed Pikel
  3457 | D:5      | Reached skill level 10 in Polearms
  3457 | D:5      | Reached XP level 9. HP: 68/68 MP: 9/9
  3590 | D:5      | Reached skill level 11 in Polearms
  3916 | D:6      | Found a white marble altar of Elyvilon.
  3923 | D:6      | Found a blossoming altar of Fedhas.
  4556 | D:7      | Found a snail-covered altar of Cheibriados.
  4629 | D:7      | Found a staircase to the Ecumenical Temple.
  4636 | Temple   | Entered the Ecumenical Temple
  4752 | D:7      | Reached skill level 12 in Polearms
  4784 | D:7      | Reached XP level 10. HP: 76/76 MP: 10/10
  4842 | D:7      | Reached skill level 13 in Polearms
  4847 | D:7      | Noticed a cyclops
  4856 | D:7      | Killed a cyclops
  4859 | D:7      | Noticed an unseen horror
  4867 | D:7      | Killed an unseen horror
  4903 | D:7      | Noticed a two-headed ogre
  4919 | D:7      | Killed a two-headed ogre
  4920 | D:7      | Reached skill level 14 in Polearms
  5074 | D:7      | Found an iron altar of Okawaru.
  5212 | D:7      | Identified the amulet "Oso Made" {RegenMP rPois rCorr
                  | Dex+2}
  5276 | D:7      | Identified the ring of Sedutaz {rElec EV+5 SInv}
  5276 | D:7      | Noticed a kobold demonologist
  5285 | D:7      | Killed a kobold demonologist
  5286 | D:7      | Reached XP level 11. HP: 84/84 MP: 11/11
  5424 | D:7      | Found a shimmering altar of Xom.
  5669 | D:8      | Reached skill level 15 in Polearms
  5861 | D:8      | Found an ornate altar of the Wu Jian Council.
  5923 | D:8      | Noticed Jeremiah
  5940 | D:8      | Killed Jeremiah
  6031 | D:8      | Noticed a +0 spear
  6031 | D:8      | Noticed a +0 falchion
  6031 | D:8      | Noticed a +0 short sword
  6032 | D:8      | Noticed a +0 falchion
  6033 | D:8      | Noticed a +0 spear
  6033 | D:8      | Noticed a +0 dagger
  6034 | D:8      | Noticed a +0 dagger
  6035 | D:8      | Noticed a +0 short sword
  6039 | D:8      | Found a hide-covered altar of Uskayaw.
  6412 | D:9      | Found Aprut's Jewellery Emporium.
  6454 | D:9      | Found a radiant altar of Vehumet.
  6455 | D:9      | Found a burning altar of Makhleb.
  6488 | D:9      | Found Kuoruge's Weapon Shoppe.
  6540 | D:9      | Found an opulent altar of Gozag.
  6569 | D:9      | Found a glowing silver altar of Zin.
  6590 | D:9      | Became a worshipper of Gozag Ym Sagoz the Greedy
  6633 | D:9      | Found Gupa's Jewellery Shop.
  6647 | D:9      | Found Guemiulys's Book Emporium.
  6753 | D:9      | Found a staircase to the Orcish Mines.
  6819 | D:9      | Reached skill level 16 in Polearms
  6862 | D:9      | Found Noemedog's Book Emporium.
  6992 | D:9      | Noticed a deep elf pyromancer
  7026 | D:9      | Killed a deep elf pyromancer
  7066 | D:9      | Found a broken altar of Ashenzari.
  7105 | D:9      | Got the Opusculum on Energetic Causimancy
  7219 | D:9      | Reached skill level 5 in Shields
  7467 | D:10     | Entered Level 10 of the Dungeon
  7559 | D:10     | Reached XP level 12. HP: 94/94 MP: 12/12
  7633 | D:10     | Reached skill level 5 in Armour
  7722 | D:10     | Noticed a two-headed ogre
  7735 | D:10     | Killed a two-headed ogre
  7772 | D:10     | Found a shimmering blue altar of Sif Muna.
  7831 | D:10     | Found a staircase to the Lair.
  7917 | D:10     | Found Koezxure's Assorted Antiques.
  8736 | D:12     | Reached skill level 10 in Fighting
  8788 | D:12     | Noticed a skeletal warrior
  8789 | D:12     | Noticed a skeletal warrior
  8789 | D:12     | Noticed a skeletal warrior
  8791 | D:12     | Noticed a two-headed ogre
  8822 | D:11     | Killed a skeletal warrior
  8910 | D:12     | Found a radiant altar of Vehumet.
  8952 | D:12     | Killed a skeletal warrior
  8963 | D:12     | Killed a skeletal warrior
  8968 | D:12     | Noticed a sun demon
  8971 | D:12     | Killed a two-headed ogre
  8972 | D:12     | Reached XP level 13. HP: 66/103 MP: 13/13
  9071 | D:12     | Found Guexzosu's Assorted Antiques.
  9478 | D:12     | Reached skill level 10 in Shields
  9752 | D:13     | Noticed an entropy weaver
  9765 | D:13     | Killed an entropy weaver
  9873 | D:13     | Identified the +8 trident "Cakly" {freeze, Will- Int+5}
  9931 | D:13     | Noticed Urug
  9957 | D:13     | Killed Urug
 10463 | D:14     | Noticed a centaur warrior
 10463 | D:14     | Noticed a centaur warrior
 10463 | D:14     | Found a gate to the Vaults.
 10523 | D:13     | Killed a centaur warrior
 10524 | D:13     | Reached skill level 10 in Armour
 10733 | D:14     | Killed a centaur warrior
 10751 | D:14     | Reached XP level 14. HP: 113/113 MP: 14/14
 11020 | D:14     | Found Ituritynga's Assorted Antiques.
 11032 | D:14     | Bought a scorched glaive for 425 gold pieces
 11032 | D:14     | Identified the +4 glaive of the Lair of Beasts {flame,
                  | ^Fragile +Blink rC++ Will+ Dex-2} (You bought it in a shop
                  | on level 14 of the Dungeon)
 11121 | D:14     | Found Zoalaqyo's Assorted Antiques.
 11211 | D:14     | Noticed Kirke
 11256 | D:14     | Killed Kirke
 11695 | D:15     | Entered Level 15 of the Dungeon
 12138 | D:15     | Found Gij Opis's Specific Store.
 12142 | D:15     | Found Lioqyuna's General Store.
 13065 | Lair:1   | Entered Level 1 of the Lair of Beasts
 13151 | Lair:1   | Found a frozen archway.
 13269 | IceCv    | Entered an ice cave
 13791 | IceCv    | Reached skill level 17 in Polearms
 13847 | IceCv    | Reached XP level 15. HP: 123/123 MP: 15/15
 13969 | IceCv    | Got the Volume of the Stallion
 13975 | IceCv    | Identified the +4 ring mail of Knowledge {rF+ rC+}
 14766 | Lair:1   | Noticed Maggie
 14777 | Lair:1   | Killed Maggie
 15056 | Lair:1   | Found an ancient bone altar of Kikubaaqudgha.
 16019 | Lair:2   | Found a dark tunnel.
 16028 | Volcano  | Entered a volcano
 16859 | Lair:3   | Found a runed translucent gate.
 16859 | Lair:3   | Found a runed translucent gate.
 16859 | Lair:3   | Found a runed translucent gate.
 16959 | Lair:3   | Found a staircase to the Swamp.
 17181 | Lair:3   | Found a hole to the Spider Nest.
 17472 | Lair:3   | Reached skill level 18 in Polearms
 17703 | Lair:3   | Noticed Doomgape's ghost (journeyman GrFi)
 18363 | Lair:4   | Reached XP level 16. HP: 69/133 MP: 16/16
 18718 | Lair:5   | Entered Level 5 of the Lair of Beasts
 18846 | Lair:4   | Acquired 1138 gold pieces
 18912 | Lair:5   | Found a staircase to the Slime Pits.
 20717 | Orc:1    | Entered Level 1 of the Orcish Mines
 20855 | Orc:2    | Entered Level 2 of the Orcish Mines
 20897 | Orc:1    | Reached skill level 15 in Armour
 21934 | Orc:2    | Reached skill level 19 in Polearms
 22054 | Orc:2    | Reached skill level 15 in Fighting
 22206 | Orc:2    | Found a staircase to the Elven Halls.
 22575 | Orc:2    | Found Sitheuwn's General Store.
 22576 | Orc:2    | Found Courev's Jewellery Shop.
 22578 | Orc:2    | Found Fuhe Zus's Antique Armour Boutique.
 22578 | Orc:2    | Found Dater's Antique Weapon Boutique.
 22682 | Orc:2    | Bought a fine plate armour for 924 gold pieces
 22682 | Orc:2    | Identified the +1 plate armour of Ennui {rElec MP-9 Stlth+}
                  | (You bought it in a shop on level 2 of the Orcish Mines)
 22685 | Orc:2    | Bought a distressingly furry plate armour for 840 gold
                  | pieces
 22685 | Orc:2    | Identified the +1 plate armour of Iblen {rC+ Will+ Stlth+}
                  | (You bought it in a shop on level 2 of the Orcish Mines)
 23025 | Swamp:1  | Entered Level 1 of the Swamp
 23256 | Swamp:1  | Identified the serpent talisman of the Guild-Master
                  | {+Blink}
 23256 | Swamp:1  | Noticed Aizul
 23268 | Swamp:1  | Killed Aizul
 23366 | Swamp:1  | Reached XP level 17. HP: 139/142 MP: 17/17
 23438 | Swamp:1  | Noticed a kraken
 23452 | Swamp:1  | Slain by a kraken

Illustrated notes

Levels and vault maps discovered:
D:1:      lightli_iron_boxes, layout_rooms,
          ebering_ecumenical_altar_sacrificial, serial_shops,
          nicolae_shop_hallway_stairs
D:2:      layout_basic, uniq_robin, uniq_jessica
D:3:      layout_loops_ring
D:4:      layout_gridville, uniq_grinder
D:5:      minmay_polygon_palace, layout_basic, uniq_pikel
D:6:      layout_loops_ring, jmf_multi_god_temple
D:7:      minmay_the_grid_four_pointed_star [minmay_the_grid_triangle_9x9_steps,
          minmay_the_grid_triangle_9x9_alien,
          minmay_the_grid_triangle_9x9_longest,
          minmay_the_grid_triangle_9x9_descending_squares,
          minmay_the_grid_prize_trominoes], layout_rooms, marbit_many_paths,
          kennysheep_mini_moat, nicolae_overflow_hidden_temple, temple_green
D:8:      minmay_bubble_buster, layout_loops_ring, amcnicky_altar_gilded,
          nicolae_uskayaw_en_pointe, minmay_holes, uniq_jeremiah
D:9:      layout_irregular_city, grunt_temple_overflow_lords_of_destruction,
          pdpol_temple_overflow_zin_treasury_gozag_greed, lemuel_doored_altar,
          erik_orc_3, serial_shops, shop, shop, nicolae_shop_gaudy_bauble,
          kennysheep_little_box, nicolae_shop_statue_plus, minmay_liquid_box,
          st_stairs_8, serial_library_hellmonk_metal_room
D:10:     layout_irregular_city, mainiacjoe_overflow_catwalk,
          grunt_lair_entry_orc_guard_hut, serial_shops,
          nicolae_shop_temple_entry_statues_fountains, grunt_decor_mini_mirrors,
          hex_medium
D:11:     layout_roguey
D:12:     layout_roguey, serial_shops, nicolae_shop_tiny_glass,
          nicolae_vehumet_altar_sigil
D:13:     layout_loops_ring, uniq_urug
D:14:     layout_small_grid, david_vaults_3, serial_shops, nicolae_square_shop,
          nicolae_inconvenience_store, uniq_kirke
D:15:     gammafunk_enter_depths_forms, layout_loops_corners,
          grunt_dithmenos_shadows, nicolae_specific_store
Temple:   hellmonk_temple_forest_ring
Lair:1:   minmay_lair_oklob_chamber, layout_layer_cave, basic_altar,
          portal_ice_cave_demonic_guard, chequers_serial_rivers_small_a,
          uniq_maggie
Lair:2:   layout_gridlike, nicolae_volcano_entry_batcave,
          grunt_forest_small_clearings
Lair:3:   layout_roguey, minmay_swamp_entry_worms,
          nicolae_spider_entry_tight_spaces, gammafunk_ghost_necromancy,
          grunt_megastairs_3
Lair:4:   layout_hall_layers, serial_bayou, serial_bayou_pond_e,
          serial_bayou_lake_a, serial_bayou_pond_b, serial_bayou_pond_c,
          serial_bayou_pond_d
Lair:5:   wormcave, layout_gridlike, guppyfry_lair_end_dragon,
          minmay_slime_entry_jelly_boxes, kennysheep_basilisk_garden
Swamp:1:  tekkud_swamp_unearthing_site, layout_basic_swamp,
          hangedman_swamp_ruin_wall, hangedman_swamp_blocks,
          nicolae_swamp_thats_no_hydra, uniq_aizul
Orc:1:    layout_diamond_mine, serial_shops, basic_altar
Orc:2:    st_orc_congregation, layout_caves, special_room

Skill      XL: |  1  2  3  4  5  6  7  8  9 10 11 12 13 14 15 16 |
---------------+-------------------------------------------------+-----
Polearms       | 3 4 5 6 7 10 12 14 16 17 18 19 | 19.2
Fighting       | 4 5 7 8 10 11 13 14 15 | 15.2
Armour         | 4 8 10 12 14 15 | 15.6
Shields        | 5 9 13 | 13.9

Action                     |  1- 3 |  4- 6 |  7- 9 | 10-12 | 13-15 | 16-18 || total
---------------------------+-------+-------+-------+-------+-------+-------++-------
  Melee: Trident           |   119 |   136 |   183 |   585 |  1387 |   850 ||  3260
         Glaive            |       |       |       |       |       |    84 ||    84
 Invoke: Call Merchant     |       |       |       |       |       |     4 ||     4
         Potion Petition   |       |       |       |       |       |     1 ||     1
Ability: Dig               |       |       |       |       |       |     1 ||     1
  Evoke: Wand              |       |       |       |       |     1 |       ||     1
    Use: Scroll            |       |     9 |     6 |     3 |     8 |     3 ||    29
         Potion            |       |       |       |       |       |     1 ||     1
   Stab: Distracted        |       |       |       |     3 |     5 |     7 ||    15
         Fleeing           |       |       |       |       |     1 |       ||     1
 Armour: Scale mail        |   108 |    55 |       |       |       |       ||   163
         Chain mail        |       |    13 |    64 |    46 |   412 |       ||   535
         Plate armour      |       |       |     5 |   110 |   157 |   453 ||   725
  Dodge: Dodged            |    54 |    36 |    27 |   131 |   347 |   262 ||   857
  Block: Buckler           |    32 |    19 |    43 |   151 |   454 |   287 ||   986
         Reflection        |       |       |    10 |     7 |    12 |     7 ||    36
